 Dungeon Crawl Stone Soup version 0.23.2-33-g5129a83184 (webtiles) character file.

Game seed: 11564919244435182269

64 Exodus22XD the Magician (level 3, 0/20 HPs)
             Began as a Deep Elf Wizard on July 2, 2019.
             Succumbed to a gnoll's poison
             ... on level 2 of the Dungeon.
             The game lasted 00:06:20 (1557 turns).

Exodus22XD the Magician (Deep Elf Wizard)           Turns: 1557, Time: 00:06:21

Health: 0/20       AC:  2    Str:  4    XL:     3   Next: 91%
Magic:  3/10       EV: 18    Int: 28    God:
Gold:   70         SH:  0    Dex: 18    Spells: 7/10 levels left

rFire    . . .     SeeInvis .   i - +0 dagger
rCold    . . .     Gourm    .   (no shield)
rNeg     . . .     Faith    .   a - +0 robe
rPois    .         Spirit   .   b - +0 hat
rElec    .         Reflect  .   (no cloak)
rCorr    .         Harm     .   (no gloves)
MR       .....                  (no boots)
Stlth    +++.......             (no amulet)
HPRegen  0.06/turn              (no ring)
MPRegen  0.12/turn              (no ring)

@: brilliant, agile, lethally poisoned (0 -> -1), flying
A: no striking features
a: no special abilities


You were on level 2 of the Dungeon.
You were hungry.

You visited 1 branch of the dungeon, and saw 2 of its levels.

You collected 70 gold pieces.

Inventory:

Hand Weapons
 i - a +0 dagger (weapon)
Armour
 a - a +0 robe (worn)
 b - a +0 hat (worn)
Jewellery
 h - an uncursed ring of resist corrosion {unknown}
Scrolls
 e - a scroll of identify {unknown}
 g - 2 scrolls of enchant weapon {unknown}
Potions
 f - a potion of agility
Comestibles
 d - 2 rations


   Skills:
 - Level 0.3 Fighting
 - Level 2.4 Dodging
 - Level 2.4 Stealth
 - Level 4.4 Spellcasting
 - Level 3.3 Conjurations
 + Level 2.4 Summonings
   Level 1.1 Translocations


You had 7 spell levels left.
You knew the following spells:

 Your Spells              Type           Power        Failure   Level  Hunger
a - Magic Dart            Conj           ####         1%          1    None
b - Call Imp              Summ           #####...     1%          2    None

Your spell library contained the following spells:

 Spells                   Type           Power        Failure   Level  Hunger
 Blink                    Tloc           N/A          1%          2    None
 Slow                     Hex            ###.....     1%          2    None
 Conjure Flame            Conj/Fire      ####....     1%          3    ##.....
 Mephitic Cloud           Conj/Pois/Air  ####....     1%          3    ##.....


Dungeon Overview and Level Annotations

Branches:
Dungeon (2/15)

Altars:

Annotations:
D:1 1 runed translucent door


Message History

Your crimson imp hits the gnoll.
The gnoll dies!
* * * LOW HITPOINT WARNING * * *
You feel sick.
Your crimson imp disappears in a puff of smoke!
* * * LOW HITPOINT WARNING * * *
You feel sick.
* * * LOW HITPOINT WARNING * * *
You feel sick.
* * * LOW HITPOINT WARNING * * *
You feel sick.
Unknown command.
* * * LOW HITPOINT WARNING * * *
You feel sick.
Your crimson imp disappears in a puff of smoke!
* * * LOW HITPOINT WARNING * * *
You feel sick.
* * * LOW HITPOINT WARNING * * *
You feel sick.
You die...

#.#.#####.#.>. ########.
#.#.#####.##.###........
#.......#.##.##.#.######
###.###........###.# #.#
###.##.##.# ##
#.#####.##.# #.#
#####.......##.# ##
#.........####.#
#.#######@# #.# #.# #.#
#)# #.# ........)..gg..
.######.###...# #.# ..
#.# ..# ###


There were no monsters in sight!

Vanquished Creatures
  A gnoll (D:2)
  2 dart slugs (D:1)
  A leopard gecko (D:1)
  A ball python (D:1)
  5 bats
  A giant cockroach (D:1)
  8 goblins
  A hobgoblin (D:1)
  5 frilled lizards
  A kobold (D:1)
  8 rats
34 creatures vanquished.

Vanquished Creatures (collateral kills)
  2 gnolls (D:2)
  A frilled lizard (D:2)
3 creatures vanquished.

Vanquished Creatures (others)
  A kobold (D:2)
1 creature vanquished.

Grand Total: 38 creatures vanquished

Notes
Turn   | Place    | Note
-------+----------+-------------------------------------------
     0 | D:1      | Exodus22XD the Deep Elf Wizard began the quest for the Orb.
     0 | D:1      | Reached XP level 1. HP: 10/10 MP: 7/7
     0 | D:1      | Noticed a jelly
     0 | D:1      | Noticed a jelly
     2 | D:1      | Found a runed translucent door.
   237 | D:1      | Reached XP level 2. HP: 15/15 MP: 7/9
  1077 | D:2      | Noticed a centaur
  1092 | D:1      | Learned a level 2 spell: Call Imp
  1114 | D:2      | Reached XP level 3. HP: 20/20 MP: 8/10
  1553 | D:2      | HP: 1/20 [poisoned by a gnoll]
  1557 | D:2      | Succumbed to a gnoll's poison

Skill      XL: |  1  2  3 |
---------------+----------+-----
Conjurations   | 2 3 |  3.3
Summonings     | 2 |  2.4
Fighting       | |  0.3
Dodging        | |  2.4
Stealth        | |  2.4
Spellcasting   | |  4.4
Translocations | |  1.1

Action                   || total
-------------------------++-------
 Cast: Magic Dart        ||    73
       Call Imp          ||     2
  Use: Potion            ||     3
  Eat: Chunk             ||     1
Armor: Robe              ||     5
Dodge: Dodged            ||    28
